 Dungeon Crawl Stone Soup version 0.21-a0-358-g8928369 (webtiles) character file.

18890 qqqbard the Carver (level 12, -13/66 HPs)
             Began as a Vine Stalker Berserker on Oct 12, 2017.
             Was a High Priest of Trog.
             Hit by a stone thrown by a minotaur (23 damage)
             ... in a labyrinth.
             The game lasted 00:24:13 (11518 turns).

qqqbard the Carver (Vine Stalker Berserker)        Turns: 11518, Time: 00:24:14

Health: -13/66     AC: 17    Str: 26    XL:     12   Next: 63%
Magic:  0/13       EV: 10    Int:  7    God:    Trog [*****.]
Gold:   789        SH:  0    Dex: 15    Spells: 11/11 levels left

rFire    . . .     SeeInvis .   M - +5 great sword
rCold    . . .     Gourm    .   (shield currently unavailable)
rNeg     . . .     Faith    .   E - +1 plate armour
rPois    .         Spirit   +   (no helmet)
rElec    .         Reflect  .   U - +1 cloak
rCorr    .         Harm     .   i - +0 pair of gloves
MR       +++..                  (no boots)
Stlth    ..........             (no amulet)
HPRegen  2.01/turn              b - +2 ring of dexterity
MPRegen  0.13/turn              (no ring)

@: regenerating, heavily drained
A: fangs 3, regeneration 2, magic shield, antimagic bite, no potion heal 3, rot
immunity
a: Berserk, Trog's Hand, Brothers in Arms, Burn Spellbooks, Renounce Religion


You were in a labyrinth.
You worshipped Trog.
Trog was extremely pleased with you.
You were hungry.

You visited 2 branches of the dungeon, and saw 14 of its levels.
You also visited: Labyrinth and Sewer.

You collected 789 gold pieces.

Inventory:

Hand Weapons
 w - a +4 dagger
 L - a +6 scimitar
 M - a +5 great sword (weapon)
 O - the +3 scimitar of the Lumpy Curses {protect, +Blink}
   (Trog gifted it to you on level 9 of the Dungeon)

   It protects the one who uses it against injury (+AC on strike).
   It lets you blink.
Armour
 i - a +0 pair of gloves (worn)
 E - a +1 plate armour (worn)
 U - a +1 cloak (worn)
Jewellery
 b - a +2 ring of dexterity (left hand)
 D - a +3 ring of dexterity
 H - a +1 ring of evasion {unknown}
 W - an uncursed amulet of magic regeneration {unknown}
 Y - an uncursed ring of positive energy {unknown}
Wands
 a - a wand of enslavement (5/24)
 f - a wand of random effects (23/48)
 k - a wand of acid (4/15)
 r - a wand of flame (22/48)
 y - a wand of confusion (16/48)
 G - a wand of enslavement (9/24)
 P - a wand of confusion (9/48)
 Q - a wand of acid (4/15)
 S - a wand of confusion (17/48)
 X - a wand of paralysis (9/24)
Scrolls
 d - 3 scrolls of remove curse
 n - 3 scrolls of fear
 q - 5 scrolls of teleportation
 u - 2 scrolls of blinking
 z - 2 scrolls of enchant armour
 F - a scroll of enchant weapon
 N - a scroll of immolation {unknown}
 R - 4 scrolls of identify
 Z - a scroll of silence
Potions
 e - 2 potions of mutation
 g - a potion of ambrosia
 h - 3 potions of cancellation {unknown}
 j - 5 potions of lignification {unknown}
 o - 3 potions of agility
 p - 3 potions of might
 t - 2 potions of haste {unknown}
 v - a potion of brilliance
 A - 3 potions of curing
 B - 2 potions of invisibility {unknown}
 I - a potion of flight {unknown}
 K - 2 potions of resistance {unknown}
 T - 2 potions of heal wounds {unknown}
Books
 C - a book of Cantrips

   Spells                             Type                      Level
   a - Confusing Touch                Hexes                        1
   b - Animate Skeleton               Necromancy                   1
   c - Summon Small Mammal            Summoning                    1
   d - Apportation                    Translocation                1
   Trog disapproves of the use of such an item.
Comestibles
 c - 8 bread rations
 l - 10 fruits
 s - 8 royal jellies
 J - 2 meat rations


   Skills:
 + Level 9.0(7.3) Fighting
 * Level 12.1(10.2) Long Blades
 + Level 7.9(6.2) Armour
 + Level 8.0(6.3) Dodging


You had 11 spell levels left.
You didn't know any spells.

Dungeon Overview and Level Annotations

Branches:
Dungeon (13/15)            Temple (1/1) D:4            Lair (0/6) D:11
    Orc (0/2) D:11
 Vaults: D:13-14

Altars:
Ashenzari
Cheibriados
Dithmenos
Elyvilon
Fedhas
Gozag
Hepliaklqana
Kikubaaqudgha
Makhleb
Nemelex Xobeh
Okawaru
Qazlal
Ru
Sif Muna
Trog
Uskayaw
Vehumet
Wu Jian
Xom
Yredelemnul
Zin
The Shining One

Shops:
D:5 :   D:12 [

Annotations:
D:12 Sonja


Innate Abilities, Weirdness & Mutations

You have razor-sharp teeth.
You heal very quickly.
When hurt, damage is shared between your health and your magic reserves.
Your bite disrupts and absorbs the magic of your enemies.
Potions cannot restore your health.
You are immune to rotting.


Message History

Your ogre hits the minotaur with a giant club!!
The minotaur hits your ogre with a rapier of draining!!
Your ogre dies!
Your ogre's corpse disappears in a puff of smoke!
You're too hungry.
You eat one of the 9 royal jellies.
You are feeling hungry.
That royal jelly was delicious!
Your skin crawls.
You feel resistant to hostile enchantments.
You feel somewhat more hungry.
The minotaur hits you with a rapier of draining!!
* * * LOW HITPOINT WARNING * * *
You feel drained.
* * * LOW HITPOINT WARNING * * *
The minotaur gores you!
* * * LOW HITPOINT WARNING * * *
Unknown command.
The minotaur throws a stone.
The stone hits you!!
You die...

. # .#. ..# # ##
## #..
#.(((..H.#.##
.######.#.. .#
#(#.## #.#.###
H#@.# # #.# ..
(.#..#.# ## #
#.########H.......
..H....(..##.####
##########....#. #
. . . ...## # # .
#... .#.. #. . ##
#.#.#.# # .. .# .
.


You could see a minotaur.

Vanquished Creatures
  Snorg (D:12)
  The ghost of Theed the Carver, a journeyman DsGl of Makhleb (D:12)
  A two-headed ogre (D:9)
  A tengu warrior (D:13)
  A manticore (D:13)
  An ugly thing (D:11)
  4 centaur zombies
  A kobold demonologist (D:13)
  A komodo dragon (D:12)
  2 trolls
  A polar bear (D:9)
  The ghost of tony2 the Skirmisher, an amateur DsAK of Lugonu (Sewer)
  A meliai zombie (D:12)
  4 hippogriffs
  Sigmund (D:3)
  4 redbacks (Lab)
  2 wraiths (D:10)
  2 hogs (D:9)
  17 yaks
  A human (D:9)
  4 hungry ghosts (Lab)
  A warg (D:11)
  A soldier ant (D:10)
  11 orc warriors
  3 sky beasts
  4 ice beasts
  6 necrophages
  2 phantoms
  A wolf (D:9)
  6 centaurs
  3 ogres
  6 bullfrogs
  A water moccasin zombie (D:10)
  A water moccasin skeleton (D:6)
  4 scorpions
  16 killer bees
  A jelly (D:7)
  11 wights
  5 crimson imps
  2 bullfrog zombies
  A quasit (D:10)
  A bullfrog skeleton (D:11)
  5 hounds
  Crazy Yiuf (D:7)
  10 orc priests
  2 centaur skeletons
  Natasha (twice) (D:3)
  3 iguanas
  13 orc wizards
  14 worker ants
  A killer bee zombie (D:7)
  A bullfrog simulacrum (D:9)
  A howler monkey skeleton (D:7)
  14 adders
  16 gnolls
  3 shadow imps
  2 white imps (D:9)
  An ufetubus (D:9)
  4 oozes (Sewer)
  2 adder skeletons
  An adder zombie (D:8)
  3 worms
  4 dart slugs
  An adder simulacrum (D:9)
  16 leopard geckos
  45 orcs
  4 bats
  12 giant cockroaches
  11 goblins
  7 hobgoblins
  6 jackals
  2 quokkas
  11 ball pythons
  26 frilled lizards
  A jackal skeleton (D:4)
  5 kobolds
  A leopard gecko skeleton (D:4)
  6 rats
396 creatures vanquished.

Vanquished Creatures (others)
  A withered plant (D:10)
1 creature vanquished.

Grand Total: 397 creatures vanquished

Notes
Turn   | Place    | Note
-------+----------+-------------------------------------------
     0 | D:1      | qqqbard the Vine Stalker Berserker began the quest for the Orb.
     0 | D:1      | Reached XP level 1. HP: 11/11 MP: 2/2
    95 | D:1      | Reached XP level 2. HP: 11/16 MP: 3/3
   133 | D:1      | Reached skill level 3 in Long Blades
   492 | D:1      | Reached XP level 3. HP: 19/19 MP: 4/4
   884 | D:2      | Found a snail-covered altar of Cheibriados.
   900 | D:2      | Reached ** piety under Trog
  1569 | D:3      | Gained mutation: Your natural rate of healing is unusually fast. [Vine Stalker growth]
  1569 | D:3      | Reached XP level 4. HP: 23/24 MP: 5/5
  2054 | D:3      | Noticed Natasha
  2063 | D:3      | Killed Natasha
  2379 | D:3      | Reached XP level 5. HP: 21/28 MP: 3/6
  2569 | D:3      | Noticed Sigmund
  2584 | D:3      | Killed Sigmund
  2584 | D:3      | Reached skill level 4 in Long Blades
  2584 | D:3      | Reached XP level 6. HP: 24/32 MP: 7/7
  2630 | D:3      | Noticed Natasha
  2635 | D:3      | Killed Natasha
  2988 | D:4      | Found a glowing drain.
  2990 | D:4      | Reached *** piety under Trog
  2999 | Sewer    | Entered a sewer
  3075 | Sewer    | Noticed tony2's ghost (amateur DsAK)
  3101 | Sewer    | Killed tony2's ghost
  3101 | Sewer    | Reached skill level 5 in Long Blades
  3101 | Sewer    | Reached XP level 7. HP: 12/37 MP: 8/8
  3305 | Sewer    | Reached **** piety under Trog
  3561 | D:4      | Gained mutation: You have razor-sharp teeth. [Vine Stalker growth]
  3561 | D:4      | Reached XP level 8. HP: 42/42 MP: 9/9
  3664 | D:4      | Reached skill level 6 in Long Blades
  3710 | D:4      | Found a staircase to the Ecumenical Temple.
  3828 | Temple   | Entered the Ecumenical Temple
  4372 | D:5      | Entered Level 5 of the Dungeon
  4386 | D:5      | Reached ***** piety under Trog
  4438 | D:5      | Reached skill level 5 in Fighting
  4682 | D:5      | Found Ugur's Book Emporium.
  4933 | D:6      | Reached skill level 7 in Long Blades
  4996 | D:6      | Reached XP level 9. HP: 41/47 MP: 10/10
  5129 | D:6      | Found a shadowy altar of Dithmenos.
  5573 | D:7      | Found a runed door.
  6078 | D:7      | Reached skill level 8 in Long Blades
  6186 | D:7      | Reached skill level 5 in Armour
  6186 | D:7      | Reached skill level 5 in Dodging
  6555 | D:7      | Noticed Crazy Yiuf
  6558 | D:7      | Killed Crazy Yiuf
  6745 | D:8      | Reached XP level 10. HP: 38/53 MP: 8/11
  6767 | D:8      | Received a gift from Trog
  7289 | D:8      | Reached skill level 9 in Long Blades
  7871 | D:9      | Received a gift from Trog
  7881 | D:9      | Got a jewelled scimitar {god gift}
  7883 | D:9      | Identified the +3 scimitar of the Lumpy Curses {protect, +Blink} (Trog gifted it to you on level 9 of the Dungeon)
  8048 | D:9      | Reached skill level 10 in Long Blades
  8048 | D:9      | Reached XP level 11. HP: 37/58 MP: 12/12
  8211 | D:9      | Noticed a two-headed ogre
  8234 | D:9      | Killed a two-headed ogre
  8637 | D:10     | Entered Level 10 of the Dungeon
  8732 | D:10     | Found a bloodstained altar of Trog.
  9296 | D:11     | Noticed a cyan ugly thing
  9304 | D:11     | Killed a cyan ugly thing
  9304 | D:11     | Reached skill level 11 in Long Blades
  9325 | D:11     | Found a staircase to the Orcish Mines.
  9516 | D:11     | Found a staircase to the Lair.
 10349 | D:12     | Noticed Snorg
 10351 | D:12     | Gained mutation: You heal very quickly. [Vine Stalker growth]
 10351 | D:12     | Reached XP level 12. HP: 58/65 MP: 11/13
 10370 | D:12     | Killed Snorg
 10403 | D:12     | Noticed Theed's ghost (journeyman DsGl)
 10417 | D:12     | Killed Theed's ghost
 10520 | D:12     | Found Zexaug's Antique Armour Shoppe.
 10751 | D:12     | Noticed Sonja
 11006 | D:13     | Noticed a tengu warrior
 11006 | D:13     | Received a gift from Trog
 11022 | D:13     | Killed a tengu warrior
 11062 | D:13     | Found a labyrinth entrance.
 11092 | D:13     | Reached skill level 12 in Long Blades
 11110 | Lab      | Entered a labyrinth
 11475 | Lab      | Noticed a minotaur
 11518 | Lab      | Hit by a stone thrown by a minotaur

Vault maps used:
D:1:      kennysheep_arrival_forest
D:2:      kennysheep_slug_shrine, first_bread
D:3:      uniq_natasha, uniq_sigmund
D:4:      minmay_door_path, temple_fountains, cheibrodos_sewer_entry_sluice,
          minmay_misc_feat_tower
D:5:      serial_shops, kennysheep_mini_moat
D:6:      basic_altar
D:7:      kennysheep_cross_bottleneck, uniq_crazy_yiuf_cottage
D:9:      serial_ice, serial_ice_l, serial_ice_a, serial_ice_g, serial_ice_n,
          grunt_livestock
D:10:     serial_undead, serial_undead_b, serial_undead_d, serial_undead_f,
          serial_undead_f, serial_undead_e, serial_undead_e, serial_undead_e,
          serial_undead_e, basic_altar, serial_bayou_pond_a
D:11:     lair_entry_dummy, david_orc_3
D:12:     serial_shops, nicolae_shop_trees, st_stairs_6, uniq_snorg, uniq_sonja
D:13:     lab_entry_generic
Temple:   minmay_crystal_snake_temple
Lab:      labyrinth_spiral, nicolae_lab_lava, nicolae_lab_hexagon,
          nicolae_lab_garden, nicolae_lab_dead_end, nicolae_lab_do_over,
          nicolae_lab_arrow, labyrinth_fake_exit, nicolae_lab_plus,
          nicolae_lab_x, labyrinth_skeletal_remains
Sewer:    sewer_frog_island_02

Skill      XL: |  1  2  3  4  5  6  7  8  9 10 11 12 |
---------------+-------------------------------------+-----
Long Blades    | 3 4 5 7 8 10 11 12 | 12.1
Fighting       | 3 4 5 6 7 8 9 |  9.0
Armour         | 2 3 4 5 6 7 |  7.9
Dodging        | 2 3 4 5 6 7 8 |  8.0

Action                   |  1- 3 |  4- 6 |  7- 9 | 10-12 || total
-------------------------+-------+-------+-------+-------++-------
Melee: Falchion          |    87 |   176 |   125 |       ||   388
       Bite              |    39 |    53 |   134 |   220 ||   446
       Long sword        |       |       |   183 |       ||   183
       Scimitar          |       |       |    76 |    88 ||   164
       Great sword       |       |       |       |   401 ||   401
Invok: Trog's Hand       |       |     1 |     2 |     7 ||    10
       Berserk           |       |       |     2 |     1 ||     3
       Brothers in Arms  |       |       |       |     2 ||     2
  Use: Scroll            |       |       |    14 |     5 ||    19
       Potion            |       |       |       |     1 ||     1
 Stab: Sleeping          |     1 |       |       |       ||     1
  Eat: Chunk             |     2 |     5 |    16 |    18 ||    41
       Meat ration       |       |       |       |     1 ||     1
       Royal jelly       |       |       |       |     1 ||     1
Armor: Animal skin       |    13 |       |       |       ||    13
       Ring mail         |       |    53 |    70 |       ||   123
       Scale mail        |       |       |    60 |     7 ||    67
       Plate armour      |       |       |       |   346 ||   346
Dodge: Dodged            |    65 |   102 |   300 |   374 ||   841
       Rpst.: Falchion   |    25 |    30 |    42 |       ||    97
       Long sword        |       |       |    29 |       ||    29
       Scimitar          |       |       |    17 |    13 ||    30
       Great sword       |       |       |       |    87 ||    87

Table legend:
 A = Spawn XP
 B = Non-spawn XP
 C = Spawn XP percentage of total XP
 D = Spawn monster count
 E = Non-spawn monster count
 F = Spawn count percentage of total count
 G = Total turns spent on level
                    A         B        C        D         E        F      G
               +---------+---------+-------+---------+---------+-------+---------
         Total |       0 |   26987 |   0.0 |       0 |     396 |   0.0 | 11518
               +---------+---------+-------+---------+---------+-------+---------
           D:1 |       0 |      46 |   0.0 |       0 |      25 |   0.0 |   819
           D:2 |       0 |      34 |   0.0 |       0 |      13 |   0.0 |   720
           D:3 |       0 |     368 |   0.0 |       0 |      23 |   0.0 |  1262
           D:4 |       0 |     880 |   0.0 |       0 |      32 |   0.0 |   936
           D:5 |       0 |     310 |   0.0 |       0 |      15 |   0.0 |   497
           D:6 |       0 |     449 |   0.0 |       0 |      14 |   0.0 |   695
           D:7 |       0 |    1674 |   0.0 |       0 |      35 |   0.0 |  1064
           D:8 |       0 |    1840 |   0.0 |       0 |      36 |   0.0 |   907
           D:9 |       0 |    5806 |   0.0 |       0 |      49 |   0.0 |  1102
          D:10 |       0 |    3217 |   0.0 |       0 |      36 |   0.0 |   566
          D:11 |       0 |    2170 |   0.0 |       0 |      20 |   0.0 |   902
          D:12 |       0 |    5100 |   0.0 |       0 |      22 |   0.0 |   892
          D:13 |       0 |    2919 |   0.0 |       0 |      11 |   0.0 |   113
           Lab |       0 |    1619 |   0.0 |       0 |       8 |   0.0 |   408
         Sewer |       0 |     555 |   0.0 |       0 |      57 |   0.0 |   429
               +---------+---------+-------+---------+---------+-------+---------
